 Dungeon Crawl Stone Soup version 0.27-a0-1147-gb3d8e82157 (webtiles) character file.

Game seed: 10242478019732528252

280 voltaire321 the Poker (level 6, -3/49 HPs)
             Began as a Merfolk Gladiator on May 11, 2021.
             Slain by a scorpion (5 damage)
             ... on level 4 of the Dungeon on May 12, 2021.
             The game lasted 00:09:24 (4043 turns).

voltaire321 the Poker (Merfolk Gladiator)           Turns: 4043, Time: 00:09:25

Health: -3/49      AC:  6    Str: 14    XL:     6   Next: 27%
Magic:  6/6        EV: 14    Int:  8    God:
Gold:   129        SH:  0    Dex: 17    Spells: 5/5 levels left

rFire    . . .     SeeInvis .   a - +0 trident
rCold    . . .     Faith    .   (no shield)
rNeg     . . .     Spirit   .   b - +0 leather armour
rPois    .         Reflect  .   c - +0 helmet
rElec    .         Harm     .   j - +0 cloak
rCorr    .         Rampage  .   p - +0 pair of gloves
Will     +....                  (no boots)
Stlth    +.........             (no amulet)
HPRegen  0.16/turn              n - ring of willpower
MPRegen  0.10/turn              (no ring)

@: no status effects
A: (nimble swimmer 2), mertail
a: no special abilities


You were on level 4 of the Dungeon.
You visited 1 branch of the dungeon, and saw 4 of its levels.

You collected 129 gold pieces.

Inventory:

Hand Weapons
 a - a +0 trident (weapon)
Missiles
 d - 5 throwing nets (quivered)
Armour
 b - a +0 leather armour (worn)
 c - a +0 helmet (worn)
 j - a +0 cloak (worn)
 p - a +0 pair of gloves (worn)
Jewellery
 k - an amulet of magic regeneration
 m - a ring of wizardry
 n - a ring of willpower (left hand)
 r - a +6 ring of intelligence
Scrolls
 e - 2 scrolls of teleportation {unknown}
 f - a scroll of enchant weapon {unknown}
 h - a scroll of blinking {unknown}
 i - a scroll of vulnerability {unknown}
 l - a scroll of amnesia {unknown}
 o - a scroll of fear {unknown}
 q - a scroll of noise {unknown}
Potions
 g - a potion of haste {unknown}


   Skills:
 * Level 4.4 Fighting
 + Level 5.9 Polearms
 + Level 3.4 Throwing
 + Level 5.4 Dodging


You had 5 spell levels left.
You didn't know any spells.
Your spell library contained the following spells:

 Spells                   Type           Power      Damage    Failure   Level
 Animate Skeleton         Necr           0%         N/A       50%         1
 Apportation              Tloc           0%         N/A       50%         1
 Corona                   Hex            0%         N/A       50%         1
 Summon Small Mammal      Summ           0%         N/A       50%         1
 Confusing Touch          Hex            0%         N/A       86%         3
 Gell's Gravitas          Tloc           0%         N/A       86%         3
 Petrify                  Tmut/Erth      0%         N/A       99%         4
 Metabolic Englaciation   Hex/Ice        0%         N/A       100%        5
 Yara's Violent Unravell  Hex/Tmut       0%         3d3       100%        5


Dungeon Overview and Level Annotations

Branches:
Dungeon (4/15)
 Temple: D:4-7

Altars:
Uskayaw

Annotations:
D:2 1 runed translucent door, Crazy Yiuf, Terence


Innate Abilities, Weirdness & Mutations

((You are quick and stealthy near water. (Stealth+, EV+, Speed+++)))
Your lower body shifts to a powerful aquatic tail in water.


Message History

The iguana misses you.
You hit the iguana.
The iguana is moderately wounded.
The iguana bites you but does no damage.
You hit the iguana.
The iguana is heavily wounded.
The iguana closely misses you.
You hit the iguana.
The iguana is severely wounded.
The iguana bites you!
You hit the iguana.
You kill the iguana!
You now have 129 gold pieces (gained 17).
Found 2 scrolls labelled CYPNOY ULLEJ.
Found a stone staircase leading down.
A scorpion comes into view.
A jelly and a kobold come into view.
The kobold is wielding a +0 dagger and quivering poisoned darts.
Found 17 stones.
The scorpion barely misses you.
The kobold shouts!
The scorpion stings you. The scorpion stings you!
* * * LOW HITPOINT WARNING * * *
You hit the scorpion but do no damage.
The scorpion stings you but does no damage. x2
You hit the scorpion.
The scorpion is moderately wounded.
The scorpion misses you.
You hit the scorpion.
The scorpion is heavily wounded.
You hear a distant slurping noise.
The scorpion stings you but does no damage.
You barely miss the scorpion.
The scorpion is heavily wounded.
The scorpion stings you!
* * * LOW HITPOINT WARNING * * *
You hit the scorpion but do no damage.
The scorpion is heavily wounded.
The scorpion stings you.
You die...

##############
.............###.#
#(...?..K...K...>#
..J..#######s#####
### #@# #.# #.#
#######.#
#.......# ......#
#.####### #.....#
#.# +.....# #.#
#.....# #.#


You could see a scorpion and a kobold.

Vanquished Creatures
  A scorpion (D:2)
  2 iguanas (D:4)
  6 gnolls
  4 adders
  A worm (D:2)
  2 dart slugs (D:1)
  4 orcs (D:3)
  5 bats
  4 endoplasms
  4 giant cockroaches
  6 goblins
  6 hobgoblins
  7 jackals
  7 kobolds
  A ball python (D:3)
  2 frilled lizards
  4 rats
66 creatures vanquished.

Notes
Turn   | Place    | Note
-------+----------+-------------------------------------------
     0 | D:1      | voltaire321 the Merfolk Gladiator began the quest for the
                  | Orb.
     0 | D:1      | Reached XP level 1. HP: 16/16 MP: 1/1
   214 | D:1      | Reached XP level 2. HP: 23/23 MP: 2/2
   991 | D:2      | Found a hide-covered altar of Uskayaw.
  1159 | D:2      | Reached XP level 3. HP: 17/28 MP: 3/3
  1164 | D:2      | Reached skill level 5 in Polearms
  1585 | D:2      | Reached XP level 4. HP: 14/35 MP: 4/4
  2089 | D:2      | Found a faded altar of an unknown god.
  2339 | D:2      | Found a runed translucent door.
  2340 | D:2      | Noticed Crazy Yiuf
  2443 | D:2      | Noticed Terence
  2482 | D:3      | Noticed a scorpion
  2506 | D:2      | Killed a scorpion
  2507 | D:2      | Reached skill level 5 in Dodging
  2507 | D:2      | Reached XP level 5. HP: 35/41 MP: 3/5
  3383 | D:3      | Reached XP level 6. HP: 25/48 MP: 6/6
  4042 | D:4      | HP: 2/49 [scorpion (8)]
  4043 | D:4      | Slain by a scorpion

Illustrated notes

Levels and vault maps discovered:
D:1:      nagdon_arrival_double_spiral, layout_basic
D:2:      layout_basic, basic_altar, shapermc_ecumenical_altar_mp_highgroup,
          chequers_serial_rivers_micro_e, uniq_terence, uniq_crazy_yiuf_cottage
D:3:      layout_rooms, minmay_misc_feat_cross, roderic_cross_of_infinity,
          minmay_tree_intersection, grunt_ministairs_6, minmay_starry_boxes
D:4:      layout_basic, portal_sewer_entry_d, lemuel_flame_loot_1,
          uniq_blork_the_orc, uniq_menkaure

Skill      XL: |  1  2  3  4  5 |
---------------+----------------+-----
Polearms       | 5 |  5.9
Fighting       | 3 4 |  4.4
Throwing       | 3 |  3.4
Dodging        | 5 |  5.4

Action                   |  1- 3 |  4- 6 || total
-------------------------+-------+-------++-------
Melee: Trident           |    83 |   184 ||   267
 Stab: Sleeping          |       |     1 ||     1
Armor: Leather armour    |    20 |    32 ||    52
Dodge: Dodged            |    52 |   111 ||   163

Table legend: (Time is in decaauts)
 A = Elapsed time spent in this place.
 B = Non-inter-level travel time spent in this place.
 C = Inter-level travel time spent in this place.
 D = Time resting spent in this place.
 E = Time spent auto-exploring this place.
 F = Levels seen in this place.
 G = Mean time per level.
                   A        B        C        D        E       F      G
               +--------+--------+--------+--------+--------+-----+--------+
         Total |   4054 |   3851 |    203 |   1302 |   1863 |   4 | 1013.5 |
       Dungeon |   4054 |   3851 |    203 |   1302 |   1863 |   4 | 1013.5 |
               +--------+--------+--------+--------+--------+-----+--------+

Top non-repeatable levels by time:
     D:2: 1529 daAuts
     D:3: 1193 daAuts
     D:1: 1187 daAuts
     D:4: 142 daAuts
